 Dungeon Crawl Stone Soup version 0.26-a0-812-g31a745ddcd (webtiles) character file.

Game seed: 4155866662609371507

46 Lanoc the Caller (level 3, -3/21 HPs)
             Began as an Octopode Summoner on Nov 23, 2020.
             Killed from afar by a white imp (6 damage)
             ... with a puff of frost
             ... on level 3 of the Dungeon.
             The game lasted 00:02:20 (1149 turns).

Lanoc the Caller (Octopode Summoner)                Turns: 1149, Time: 00:02:21

Health: -3/21      AC:  1    Str:  7    XL:     3   Next: 68%
Magic:  4/6        EV: 14    Int: 18    God:
Gold:   69         SH:  0    Dex: 12    Spells: 3/6 levels left

rFire    . . .     SeeInvis .   (no weapon)
rCold    . . .     Faith    .   (no shield)
rNeg     . . .     Spirit   .   (helmet restricted)
rPois    .         Reflect  .   (no amulet)
rElec    .         Harm     .   (no ring)
rCorr    .         Rampage  .   (no ring)
MR       .....                  (no ring)
Stlth    +++.......             (no ring)
HPRegen  0.07/turn              (no ring)
MPRegen  0.10/turn              (no ring)
                                (no ring)
                                (no ring)

@: brilliant, very slightly contaminated, invisible
A: almost no armour, stealthy swim, amphibious, 8 rings, constrict 8, camouflage
1, gelatinous body 1
a: no special abilities


You were on level 3 of the Dungeon.
You visited 1 branch of the dungeon, and saw 3 of its levels.

You collected 69 gold pieces.

Inventory:

Scrolls
 a - 2 scrolls of teleportation {unknown}
 b - a scroll of identify {unknown}
 c - a scroll of blinking {unknown}
 e - a scroll of noise {unknown}
 f - a scroll of immolation {unknown}
 k - 3 scrolls of remove curse {unknown}
Potions
 h - a potion of flight {unknown}
 i - 2 potions of attraction {unknown}
 j - a potion of mutation {unknown}


   Skills:
 + Level 2.7 Dodging
 - Level 2.6 Stealth
 - Level 2.0 Spellcasting
 * Level 4.9 Summonings


You had 3 spell levels left.
You knew the following spells:

 Your Spells              Type           Power        Failure   Level
a - Summon Small Mammal   Summ           ####         2%          1
b - Call Imp              Summ           ####....     3%          2

Your spell library contained the following spells:

 Spells                   Type           Power        Failure   Level
 Call Canine Familiar     Summ           ####....     7%          3
 Summon Guardian Golem    Hex/Summ       ###.....     21%         3
 Summon Ice Beast         Ice/Summ       ###.....     54%         4
 Summon Lightning Spire   Summ/Air       ###.....     54%         4


Dungeon Overview and Level Annotations

Branches:
Dungeon (3/15)

Altars:
Qazlal


Innate Abilities, Weirdness & Mutations

You cannot wear most types of armour.
You are very stealthy in the water. (Stealth+)
You are amphibious.
You can wear up to eight rings at the same time.
You can use your tentacles to constrict eight enemies at once.
Your skin changes colour to match your surroundings (Stealth+).
Your rubbery body absorbs attacks. (AC +1, EV +1)


Message History

You constrict the white imp, but do no damage.
The white imp gestures at you. The puff of frost misses you.
The puff of frost hits your crimson imp!
Your crimson imp is frozen!
It was a potion of invisibility.
You fade into invisibility!
You constrict the white imp, but do no damage.
The white imp gestures at you. The puff of frost misses you.
The puff of frost hits your crimson imp!
Your crimson imp is frozen!
Your crimson imp dies!
You are very lightly contaminated with residual magic.
You tentacle-slap the white imp but do no damage.
The white imp is moderately wounded.
You constrict the white imp, but do no damage.
The white imp gestures at you. The puff of frost hits you.
You die...

###########
#..[.....[#
#.#######[# #.#
#.# #.# #.# #.#
#.#### #.# #.##.##
#@# #.#.#5## #5#
#..###.### #.#
#..####... #5#
#...##.... #.#
#...#.#### #.#
##.#.## #?# #.###
#.# #.#
..########.#######


You could see a white imp and a friendly crimson imp (summoned).

Vanquished Creatures
  2 adders
  A dart slug (D:2)
  A worm (D:2)
  A hobgoblin (D:2)
  2 jackals (D:2)
  4 bats
  A frilled lizard (D:2)
  2 kobolds
  3 rats
17 creatures vanquished.

Vanquished Creatures (collateral kills)
  An adder (D:2)
  A goblin (D:2)
  A hobgoblin (D:3)
  2 jackals (D:2)
  A kobold (D:1)
  A ball python (D:1)
  A frilled lizard (D:2)
  A rat (D:1)
9 creatures vanquished.

Grand Total: 26 creatures vanquished

Notes
Turn   | Place    | Note
-------+----------+-------------------------------------------
     0 | D:1      | Lanoc the Octopode Summoner began the quest for the Orb.
     0 | D:1      | Reached XP level 1. HP: 11/11 MP: 3/3
   224 | D:2      | Reached XP level 2. HP: 13/17 MP: 3/5
   276 | D:2      | Learned a level 2 spell: Call Imp
   602 | D:2      | Reached XP level 3. HP: 21/21 MP: 3/6
   979 | D:3      | Found a stormy altar of Qazlal.
  1149 | D:3      | Killed from afar by a white imp

Illustrated notes

Levels and vault maps discovered:
D:1:      erik_arrival_cave_to_civilisation [erik_arrival_cave_to_temple],
          layout_basic, serial_co_window_serial, co_window_corner_a,
          co_window_corner_a, co_window_paths_a, co_window_corner_a,
          co_window_paths_a, co_window_of_opportunity_a, co_window_2corner,
          co_window_2corner, co_window_paths_c, co_window_of_opportunity_c,
          co_window_of_opportunity_b, co_window_paths_d, glass_columns_b,
          glass_columns_b
D:2:      layout_loops_ring, nicolae_overflow_hidden_temple
D:3:      layout_loops_ring, lemuel_doored_altar, uniq_jessica

Action                   || total
-------------------------++-------
Melee: Unarmed           ||    64
       Constrict         ||    20
       Tentacles         ||    17
 Cast: Summon Small Mamm ||    11
       Call Imp          ||     9
  Use: Potion            ||     2
 Stab: Sleeping          ||     3
Armor: Skin              ||     3
Dodge: Dodged            ||    51

Table legend: (Time is in decaauts)
 A = Elapsed time spent in this place.
 B = Non-inter-level travel time spent in this place.
 C = Inter-level travel time spent in this place.
 D = Time resting spent in this place.
 E = Time spent auto-exploring this place.
 F = Levels seen in this place.
 G = Mean time per level.
                   A        B        C        D        E       F      G
               +--------+--------+--------+--------+--------+-----+--------+
         Total |   1148 |   1148 |      0 |      6 |    932 |   3 |  382.7 |
       Dungeon |   1148 |   1148 |      0 |      6 |    932 |   3 |  382.7 |
               +--------+--------+--------+--------+--------+-----+--------+

Top non-repeatable levels by time:
     D:2: 587 daAuts
     D:3: 346 daAuts
     D:1: 214 daAuts
